 Dungeon Crawl Stone Soup version 0.26.0-10-g1f06aea511 (webtiles) character file.

Game seed: 12634393976507261217

16319 Dracia the Covert (level 12, -5/145 HPs)
             Began as a Gnoll Delver on Jan 14, 2021.
             Was a High Priest of Okawaru.
             Slain by a cyclops (19 damage)
             ... on level 12 of the Dungeon.
             The game lasted 00:29:04 (18107 turns).

Dracia the Covert (Gnoll Delver)                   Turns: 18107, Time: 00:29:06

Health: -5/145     AC: 13    Str: 12    XL:     12   Next: 36%
Magic:  16/22      EV: 14    Int: 15    God:    Okawaru [*****.]
Gold:   1264       SH: 12    Dex: 16    Spells: 9/25 levels left

rFire    . . .     SeeInvis .   I - +3 scimitar (flame)
rCold    . . .     Faith    .   K - +2 kite shield
rNeg     . . .     Spirit   .   B - +1 ring mail {rPois}
rPois    +         Reflect  .   (no helmet)
rElec    .         Harm     .   u - +0 cloak
rCorr    .         Rampage  .   L - +1 pair of gloves
Will     .....                  s - +1 pair of boots
Stlth    ..........             (no amulet)
HPRegen  0.34/turn              b - -4 ring of strength (curse)
MPRegen  0.18/turn              (no ring)

@: berserking, wereblooded, very quick
A: distributed training, fangs 1, mutation resistance 1, screaming 1, weak 1,
strong nose
a: Renounce Religion, Heroism, Finesse


You were on level 12 of the Dungeon.
You worshipped Okawaru.
Okawaru was extremely pleased with you.
You visited 2 branches of the dungeon, and saw 13 of its levels.

You collected 1608 gold pieces.
You spent 344 gold pieces at shops.


Innate Abilities, Weirdness & Mutations

Your experience applies equally to all skills.
You have very sharp teeth.
Your uncanny sense of smell can sniff out nearby items.
You are somewhat resistant to further mutation.
You occasionally shout uncontrollably at your foes.
You are weak. (Str -2)


   Skills:
 + Level 9.8 Fighting
 + Level 8.6 Short Blades
 + Level 7.2 Long Blades
 + Level 7.2 Axes
 + Level 7.2 Maces & Flails
 + Level 7.2 Polearms
 + Level 7.2 Staves
 + Level 7.2 Slings
 + Level 7.2 Bows
 + Level 7.2 Crossbows
 + Level 7.2 Throwing
 + Level 7.2 Armour
 + Level 8.6 Dodging
 + Level 11.7 Stealth
 + Level 7.2 Shields
 + Level 7.2 Unarmed Combat
 + Level 7.2 Spellcasting
 + Level 6.0 Conjurations
 + Level 6.0 Hexes
 + Level 6.0 Summonings
 + Level 6.0 Necromancy
 + Level 6.0 Translocations
 + Level 6.0 Transmutations
 + Level 6.0 Fire Magic
 + Level 6.0 Ice Magic
 + Level 6.0 Air Magic
 + Level 6.0 Earth Magic
 + Level 6.0 Poison Magic
 + Level 7.9 Invocations
 + Level 7.2 Evocations


You had 9 spell levels left.
You knew the following spells:

 Your Spells              Type           Power        Failure   Level
a - Apportation           Tloc           46%          6%          1
m - Mephitic Cloud        Conj/Pois/Air  23%          19%         3
o - Confusing Touch       Hex            23%          19%         3
I - Blink                 Tloc           N/A          10%         2
S - Silence               Hex/Air        11%          86%         5
X - Wereblood             Tmut           23%          10%         2

Your spell library contained the following spells:

 Spells                   Type           Power        Failure   Level
 Beastly Appendage        Tmut           46%          6%          1
 Corona                   Hex            25%          6%          1
 Magic Dart               Conj           92%          6%          1
 Call Imp                 Summ           23%          10%         2
 Ensorcelled Hibernation  Hex/Ice        46%          10%         2
 Slow                     Hex            23%          10%         2
 Conjure Flame            Conj/Fire      23%          19%         3
 Dazzling Flash           Conj/Hex       46%          19%         3
 Inner Flame              Hex/Fire       23%          19%         3
 Lesser Beckoning         Tloc           11%          19%         3
 Spider Form              Tmut/Pois      11%          19%         3
 Tukima's Dance           Hex            23%          19%         3
 Cause Fear               Hex            11%          52%         4
 Ice Form                 Ice/Tmut       23%          52%         4
 Passage of Golubria      Tloc           N/A          52%         4
 Alistair's Intoxication  Tmut/Pois      15%          86%         5
 Blade Hands              Tmut           11%          86%         5
 Yara's Violent Unravell  Hex/Tmut       11%          86%         5
 Invisibility             Hex            23%          100%        6
 Malign Gateway           Summ/Tloc      11%          100%        7
 Discord                  Hex            11%          100%        8

Inventory:

Hand Weapons
 j - a +3 falchion of electrocution
 x - a +2 spear of freezing
 I - a +3 scimitar of flaming (weapon)
Missiles
 a - a throwing net {=f=f}
 k - 67 poisoned darts
 D - 4 curare-tipped darts {=f=f}
Armour
 q - a +0 helmet
 s - a +1 pair of boots (worn)
 t - a scarf of invisibility
 u - a +0 cloak (worn)
 B - a +1 ring mail of poison resistance (worn)
 F - the cursed +0 scale mail "Huesod" {+Fly Str+2 Dex+3}
   (You found it on level 10 of the Dungeon)

   It affects your strength (+2).
   It affects your dexterity (+3).
   It lets you fly.
   It has a curse placed upon it.
 K - a +2 kite shield (worn)
 L - a +1 pair of gloves (worn)
Jewellery
 b - a cursed -4 ring of strength (left hand)
 g - an uncursed amulet of regeneration
 A - an uncursed amulet of the acrobat
 G - an uncursed amulet of guardian spirit
 W - an uncursed ring of magical power
Wands
 m - a wand of iceblast (43)
 v - a wand of random effects (20)
 w - a wand of digging (3)
 y - a wand of polymorph (11)
 z - a wand of acid (10)
Scrolls
 c - 2 scrolls of fog
 d - 2 scrolls of magic mapping
 e - 2 scrolls of fear
 h - 4 scrolls of amnesia
 i - 16 scrolls of identify {@r1@r1}
 l - 10 scrolls of teleportation {@r4@r4}
 n - 6 scrolls of remove curse {@r2@r2}
 C - a scroll of blinking
Potions
 f - a potion of haste {@q3@q3}
 o - 3 potions of might
 p - a potion of flight
 r - 4 potions of berserk rage {!q!q}
 E - a potion of curing {@q1@q1}
 H - a potion of brilliance

Dungeon Overview and Level Annotations

Branches:
Dungeon (12/15)            Temple (1/1) D:7            Lair (0/6) D:11
    Orc (0/2) D:9

Altars:
Ashenzari
Fedhas
Gozag
Kikubaaqudgha
Nemelex Xobeh
Okawaru
Qazlal
Uskayaw
Xom

Shops:
D:5 }   D:7 = D:11

[ #####....... ... ...
#...#........ ... ......
#...#.......### ... #........
#...#.......#).# ... $#........
#...#.......#...##.# ..#........
#...#.......##...#.# ..##.......#
##'##.<......##.'#.#'.##.....####
..............###zB.###......#...
...............(@C8..........#...
######........###Z..###......#...
.....'.......## '#.#'.##.....#...
.....#......## ..#.#...##....#'##
.....#......# ..##.##...#........
.....#......#!.##...##.!#........
.....#......####.....####........
####'#...........................
.................................


You could see a boulder beetle, a cyclops, a wight and a centaur warrior
skeleton.


Message History

The boulder beetle stops rolling and uncurls.
The cyclops throws a large rock.
You block the large rock.
You see here 2 large rocks {=f=f}.
Really quaff
r - 5 potions of berserk rage {!q!q}?
A red film seems to cover your vision as you go berserk!
Your finesse ends abruptly.
You feel yourself moving faster!
You feel mighty!
You feel like a meek peon again. Something hits you.
* * * LOW HITPOINT WARNING * * *
Something shocks you.
* * * LOW HITPOINT WARNING * * *
The wight barely misses you.
You slash something! You burn something. Something barely misses you.
You block the wight's attack.
The cyclops throws a large rock.
Reactivating autopickup.
You feel a bit more experienced.
The centaur warrior skeleton barely misses you.
You riposte.
You slash the centaur warrior skeleton! You burn the centaur warrior skeleton!
The centaur warrior skeleton is moderately damaged.
Things that are here:
2 large rocks {=f=f}; a sky beast corpse; a howler monkey corpse You hit the cyclops.
You burn the cyclops.
The cyclops is moderately wounded.
The wight closely misses you.
You riposte.
You slash the wight! You burn the wight.
The wight is almost destroyed.
You block the centaur warrior skeleton's attack.
The cyclops hits you!!
You die...

Skill      XL: |  1  2  3  4  5  6  7  8  9 10 11 12 |
---------------+-------------------------------------+-----
Stealth        | 10 11 | 11.7
Invocations    | 1 2 3 4 5 6 7 |  7.9
Long Blades    | 1 2 3 4 5 6 7 |  7.2
Axes           | 1 2 3 4 5 6 7 |  7.2
Maces & Flails | 1 2 3 4 5 6 7 |  7.2
Polearms       | 1 2 3 4 5 6 7 |  7.2
Staves         | 1 2 3 4 5 6 7 |  7.2
Slings         | 1 2 3 4 5 6 7 |  7.2
Bows           | 1 2 3 4 5 6 7 |  7.2
Crossbows      | 1 2 3 4 5 6 7 |  7.2
Throwing       | 1 2 3 4 5 6 7 |  7.2
Armour         | 1 2 3 4 5 6 7 |  7.2
Shields        | 1 2 3 4 5 6 7 |  7.2
Unarmed Combat | 1 2 3 4 5 6 7 |  7.2
Spellcasting   | 1 2 3 4 5 6 7 |  7.2
Evocations     | 1 2 3 4 5 6 7 |  7.2
Conjurations   | 1 2 3 4 5 6 |  6.0
Hexes          | 1 2 3 4 5 6 |  6.0
Summonings     | 1 2 3 4 5 6 |  6.0
Necromancy     | 1 2 3 4 5 6 |  6.0
Translocations | 1 2 3 4 5 6 |  6.0
Transmutations | 1 2 3 4 5 6 |  6.0
Fire Magic     | 1 2 3 4 5 6 |  6.0
Ice Magic      | 1 2 3 4 5 6 |  6.0
Air Magic      | 1 2 3 4 5 6 |  6.0
Earth Magic    | 1 2 3 4 5 6 |  6.0
Poison Magic   | 1 2 3 4 5 6 |  6.0
Short Blades   | 5 6 7 8 |  8.6
Dodging        | 5 6 7 8 |  8.6
Fighting       | 7 8 9 |  9.8

Action                   |  1- 3 |  4- 6 |  7- 9 | 10-12 || total
-------------------------+-------+-------+-------+-------++-------
Melee: Short sword       |     9 |       |       |       ||     9
       Falchion          |    18 |   186 |   270 |   657 ||  1131
       Bite              |     3 |    20 |    44 |    98 ||   165
       Scimitar          |       |       |       |    90 ||    90
Throw: Dart              |       |       |       |    30 ||    30
 Cast: Wereblood         |       |       |       |     1 ||     1
Invok: Heroism           |       |       |       |     3 ||     3
       Finesse           |       |       |       |     1 ||     1
Evoke: Wand              |       |       |       |     1 ||     1
  Use: Scroll            |       |     8 |     1 |     9 ||    18
       Potion            |       |     6 |     3 |    10 ||    19
 Stab: Sleeping          |       |    11 |     3 |     8 ||    22
       Distracted        |       |       |     1 |     1 ||     2
Armor: Leather armour    |     5 |    20 |       |       ||    25
       Chain mail        |       |    55 |   134 |   199 ||   388
       Ring mail         |       |       |       |    96 ||    96
Dodge: Dodged            |    19 |   110 |    99 |   364 ||   592
Block: Buckler           |       |    48 |    73 |   221 ||   342
       Kite shield       |       |       |       |    62 ||    62
       Rpst.: Falchion   |     2 |    31 |    33 |    85 ||   151
       Scimitar          |       |       |       |    11 ||    11

Levels and vault maps discovered:
D:1:      dpeg_arrival_rooms_b, layout_basic, minivault_14
D:2:      layout_basic
D:3:      minmay_recursive_quarters, layout_basic,
          grunt_temple_overflow_opulence, gammafunk_temple_overflow_wave,
          gammafunk_ghost_grave, supply_closet_lemuel
D:4:      layout_cave_pods
D:5:      layout_loops_cross, serial_shops, nicolae_shop_crystal,
          hangedman_decor_growths
D:6:      layout_rooms, ebering_ghost_gozag, minmay_misc_feat_rows
D:7:      layout_basic, minmay_temple_entry_statues_pillars, serial_shops,
          kennysheep_mini_moat, minmay_bent
D:8:      layout_loops_corners, nrook_uturn, hangedman_decor_riveting
D:9:      layout_loops_cross, zombieorc2_lemuel
D:10:     kennysheep_town
D:11:     layout_irregular_city, david_lair_shrubbed, serial_shops, shop,
          uniq_erica
D:12:     cheibrodos_barr_body, layout_irregular_city,
          nicolae_trove_entry_crossroad, serial_shops, shop,
          nicolae_ru_path_of_blood
Temple:   hc_temple_tempest_star

Notes
Turn   | Place    | Note
-------+----------+-------------------------------------------
     0 | D:5      | Reached skill level 9 in Stealth
     0 | D:5      | Dracia the Gnoll Delver began the quest for the Orb.
     0 | D:5      | Reached XP level 1. HP: 23/23 MP: 1/1
    91 | D:5      | Noticed an orc wizard
   100 | D:5      | Killed an orc wizard
   101 | D:5      | Reached XP level 2. HP: 10/29 MP: 2/2
   101 | D:5      | Reached XP level 3. HP: 12/35 MP: 3/3
   375 | D:5      | Reached skill level 1 in Invocations
   413 | D:5      | HP: 3/35 [hound skeleton (2)]
   418 | D:5      | Reached skill level 1 in Long Blades
   418 | D:5      | Reached skill level 1 in Axes
   418 | D:5      | Reached skill level 1 in Maces & Flails
   418 | D:5      | Reached skill level 1 in Polearms
   418 | D:5      | Reached skill level 1 in Staves
   418 | D:5      | Reached skill level 1 in Slings
   418 | D:5      | Reached skill level 1 in Bows
   418 | D:5      | Reached skill level 1 in Crossbows
   418 | D:5      | Reached skill level 1 in Throwing
   418 | D:5      | Reached skill level 1 in Armour
   418 | D:5      | Reached skill level 1 in Shields
   418 | D:5      | Reached skill level 1 in Unarmed Combat
   418 | D:5      | Reached skill level 1 in Spellcasting
   418 | D:5      | Reached skill level 1 in Evocations
   808 | D:5      | Reached XP level 4. HP: 36/41 MP: 5/5
  1167 | D:3      | Reached skill level 1 in Conjurations
  1167 | D:3      | Reached skill level 1 in Hexes
  1167 | D:3      | Reached skill level 1 in Summonings
  1167 | D:3      | Reached skill level 1 in Necromancy
  1167 | D:3      | Reached skill level 1 in Translocations
  1167 | D:3      | Reached skill level 1 in Transmutations
  1167 | D:3      | Reached skill level 1 in Fire Magic
  1167 | D:3      | Reached skill level 1 in Ice Magic
  1167 | D:3      | Reached skill level 1 in Air Magic
  1167 | D:3      | Reached skill level 1 in Earth Magic
  1167 | D:3      | Reached skill level 1 in Poison Magic
  1365 | D:3      | Found an ancient bone altar of Kikubaaqudgha.
  1365 | D:3      | Found a stormy altar of Qazlal.
  1459 | D:3      | Found a sparkling altar of Nemelex Xobeh.
  1459 | D:3      | Found an opulent altar of Gozag.
  1523 | D:3      | Found a runed translucent door.
  1524 | D:3      | Noticed emiel's ghost (amateur DsWn)
  1771 | D:3      | Reached XP level 5. HP: 47/47 MP: 6/6
  3749 | D:1      | Gained mutation: You are weak. (Str -2) [potion of
                  | mutation]
  3749 | D:1      | Gained mutation: You occasionally shout uncontrollably at
                  | your foes. [potion of mutation]
  3749 | D:1      | Gained mutation: You are somewhat resistant to further
                  | mutation. [potion of mutation]
  3762 | D:1      | Reached XP level 6. HP: 52/53 MP: 8/8
  3995 | D:3      | Killed emiel's ghost
  3996 | D:3      | Reached skill level 5 in Short Blades
  3996 | D:3      | Reached skill level 2 in Long Blades
  3996 | D:3      | Reached skill level 2 in Axes
  3996 | D:3      | Reached skill level 2 in Maces & Flails
  3996 | D:3      | Reached skill level 2 in Polearms
  3996 | D:3      | Reached skill level 2 in Staves
  3996 | D:3      | Reached skill level 2 in Slings
  3996 | D:3      | Reached skill level 2 in Bows
  3996 | D:3      | Reached skill level 2 in Crossbows
  3996 | D:3      | Reached skill level 2 in Throwing
  3996 | D:3      | Reached skill level 2 in Armour
  3996 | D:3      | Reached skill level 5 in Dodging
  3996 | D:3      | Reached skill level 2 in Shields
  3996 | D:3      | Reached skill level 2 in Unarmed Combat
  3996 | D:3      | Reached skill level 2 in Spellcasting
  3996 | D:3      | Reached skill level 2 in Invocations
  3996 | D:3      | Reached skill level 2 in Evocations
  5145 | D:5      | Reached XP level 7. HP: 57/59 MP: 10/10
  5446 | D:5      | Reached skill level 7 in Fighting
  5560 | D:5      | Found Wyling's Gadget Shop.
  5680 | D:6      | Reached skill level 2 in Conjurations
  5680 | D:6      | Reached skill level 2 in Hexes
  5680 | D:6      | Reached skill level 2 in Summonings
  5680 | D:6      | Reached skill level 2 in Necromancy
  5680 | D:6      | Reached skill level 2 in Translocations
  5680 | D:6      | Reached skill level 2 in Transmutations
  5680 | D:6      | Reached skill level 2 in Fire Magic
  5680 | D:6      | Reached skill level 2 in Ice Magic
  5680 | D:6      | Reached skill level 2 in Air Magic
  5680 | D:6      | Reached skill level 2 in Earth Magic
  5680 | D:6      | Reached skill level 2 in Poison Magic
  5721 | D:6      | Reached skill level 3 in Invocations
  5858 | D:6      | Reached skill level 10 in Stealth
  5859 | D:6      | Reached XP level 8. HP: 63/67 MP: 12/12
  5899 | D:6      | Reached skill level 3 in Long Blades
  5899 | D:6      | Reached skill level 3 in Axes
  5899 | D:6      | Reached skill level 3 in Maces & Flails
  5899 | D:6      | Reached skill level 3 in Polearms
  5899 | D:6      | Reached skill level 3 in Staves
  5899 | D:6      | Reached skill level 3 in Slings
  5899 | D:6      | Reached skill level 3 in Bows
  5899 | D:6      | Reached skill level 3 in Crossbows
  5899 | D:6      | Reached skill level 3 in Throwing
  5899 | D:6      | Reached skill level 3 in Armour
  5899 | D:6      | Reached skill level 3 in Shields
  5899 | D:6      | Reached skill level 3 in Unarmed Combat
  5899 | D:6      | Reached skill level 3 in Spellcasting
  5899 | D:6      | Reached skill level 3 in Evocations
  6227 | D:6      | Found a runed translucent gate.
  6228 | D:6      | Found a runed translucent gate.
  6228 | D:6      | Found an opulent altar of Gozag.
  6229 | D:6      | Found a runed translucent gate.
  6231 | D:6      | Noticed Raspi's ghost (novice MfEn)
  6489 | D:6      | Killed Raspi's ghost
  6490 | D:6      | Reached skill level 6 in Short Blades
  6490 | D:6      | Reached skill level 6 in Dodging
  6490 | D:6      | Reached skill level 3 in Conjurations
  6490 | D:6      | Reached skill level 3 in Hexes
  6490 | D:6      | Reached skill level 3 in Summonings
  6490 | D:6      | Reached skill level 3 in Necromancy
  6490 | D:6      | Reached skill level 3 in Translocations
  6490 | D:6      | Reached skill level 3 in Transmutations
  6490 | D:6      | Reached skill level 3 in Fire Magic
  6490 | D:6      | Reached skill level 3 in Ice Magic
  6490 | D:6      | Reached skill level 3 in Air Magic
  6490 | D:6      | Reached skill level 3 in Earth Magic
  6490 | D:6      | Reached skill level 3 in Poison Magic
  6490 | D:6      | Reached skill level 4 in Invocations
  6490 | D:6      | Reached XP level 9. HP: 69/73 MP: 11/14
  6584 | D:7      | Found a staircase to the Ecumenical Temple.
  6845 | Temple   | Entered the Ecumenical Temple
  6856 | Temple   | Became a worshipper of Warmaster Okawaru
  6895 | D:7      | Reached skill level 4 in Long Blades
  6895 | D:7      | Reached skill level 4 in Axes
  6895 | D:7      | Reached skill level 4 in Maces & Flails
  6895 | D:7      | Reached skill level 4 in Polearms
  6895 | D:7      | Reached skill level 4 in Staves
  6895 | D:7      | Reached skill level 4 in Slings
  6895 | D:7      | Reached skill level 4 in Bows
  6895 | D:7      | Reached skill level 4 in Crossbows
  6895 | D:7      | Reached skill level 4 in Throwing
  6895 | D:7      | Reached skill level 4 in Armour
  6895 | D:7      | Reached skill level 4 in Shields
  6895 | D:7      | Reached skill level 4 in Unarmed Combat
  6895 | D:7      | Reached skill level 4 in Spellcasting
  6895 | D:7      | Reached skill level 4 in Evocations
  7051 | D:7      | Found Linal's Jewellery Boutique.
  7752 | D:8      | Reached * piety under Okawaru
  7753 | D:8      | Reached skill level 8 in Fighting
  7974 | D:8      | Identified the Incunabulum of Quantum Fire
  8014 | D:8      | Noticed a two-headed ogre
  8032 | D:8      | Killed a two-headed ogre
  8033 | D:8      | Reached skill level 4 in Conjurations
  8033 | D:8      | Reached skill level 4 in Hexes
  8033 | D:8      | Reached skill level 4 in Summonings
  8033 | D:8      | Reached skill level 4 in Necromancy
  8033 | D:8      | Reached skill level 4 in Translocations
  8033 | D:8      | Reached skill level 4 in Transmutations
  8033 | D:8      | Reached skill level 4 in Fire Magic
  8033 | D:8      | Reached skill level 4 in Ice Magic
  8033 | D:8      | Reached skill level 4 in Air Magic
  8033 | D:8      | Reached skill level 4 in Earth Magic
  8033 | D:8      | Reached skill level 4 in Poison Magic
  8033 | D:8      | Reached skill level 5 in Invocations
  8033 | D:8      | Reached XP level 10. HP: 17/80 MP: 1/17
  8465 | D:8      | Noticed a cyclops
  8475 | D:8      | Killed a cyclops
  8475 | D:8      | Reached ** piety under Okawaru
  8476 | D:8      | Reached skill level 5 in Long Blades
  8476 | D:8      | Reached skill level 5 in Axes
  8476 | D:8      | Reached skill level 5 in Maces & Flails
  8476 | D:8      | Reached skill level 5 in Polearms
  8476 | D:8      | Reached skill level 5 in Staves
  8476 | D:8      | Reached skill level 5 in Slings
  8476 | D:8      | Reached skill level 5 in Bows
  8476 | D:8      | Reached skill level 5 in Crossbows
  8476 | D:8      | Reached skill level 5 in Throwing
  8476 | D:8      | Reached skill level 5 in Armour
  8476 | D:8      | Reached skill level 5 in Shields
  8476 | D:8      | Reached skill level 5 in Unarmed Combat
  8476 | D:8      | Reached skill level 5 in Spellcasting
  8476 | D:8      | Reached skill level 5 in Evocations
  9608 | D:9      | Reached skill level 7 in Short Blades
  9608 | D:9      | Reached skill level 7 in Dodging
  9995 | D:9      | Found a staircase to the Orcish Mines.
 10236 | D:9      | Reached *** piety under Okawaru
 10585 | D:9      | Reached skill level 6 in Invocations
 11006 | D:9      | Identified a potion of resistance
 11048 | D:10     | Entered Level 10 of the Dungeon
 11097 | D:9      | Received a gift from Okawaru
 11104 | D:9      | Reached skill level 11 in Stealth
 11127 | D:9      | HP: 8/82 [orc wizard/magic dart (6)]
 11609 | D:10     | Reached XP level 11. HP: 78/87 MP: 15/19
 11643 | D:10     | HP: 4/87 [electric eel/bolt of electricity (11)]
 11650 | D:10     | HP: 7/87 [electric eel/bolt of electricity (3)]
 12407 | D:10     | Reached skill level 9 in Fighting
 12411 | D:10     | Reached skill level 6 in Long Blades
 12411 | D:10     | Reached skill level 6 in Axes
 12411 | D:10     | Reached skill level 6 in Maces & Flails
 12411 | D:10     | Reached skill level 6 in Polearms
 12411 | D:10     | Reached skill level 6 in Staves
 12411 | D:10     | Reached skill level 6 in Slings
 12411 | D:10     | Reached skill level 6 in Bows
 12411 | D:10     | Reached skill level 6 in Crossbows
 12411 | D:10     | Reached skill level 6 in Throwing
 12411 | D:10     | Reached skill level 6 in Armour
 12411 | D:10     | Reached skill level 6 in Shields
 12411 | D:10     | Reached skill level 6 in Unarmed Combat
 12411 | D:10     | Reached skill level 6 in Spellcasting
 12411 | D:10     | Reached skill level 6 in Evocations
 12803 | D:10     | Reached skill level 5 in Conjurations
 12803 | D:10     | Reached skill level 5 in Hexes
 12803 | D:10     | Reached skill level 5 in Summonings
 12803 | D:10     | Reached skill level 5 in Necromancy
 12803 | D:10     | Reached skill level 5 in Translocations
 12803 | D:10     | Reached skill level 5 in Transmutations
 12803 | D:10     | Reached skill level 5 in Fire Magic
 12803 | D:10     | Reached skill level 5 in Ice Magic
 12803 | D:10     | Reached skill level 5 in Air Magic
 12803 | D:10     | Reached skill level 5 in Earth Magic
 12803 | D:10     | Reached skill level 5 in Poison Magic
 12810 | D:10     | Reached **** piety under Okawaru
 13645 | D:10     | Noticed a centaur warrior
 13653 | D:10     | Killed a centaur warrior
 13653 | D:10     | Received a gift from Okawaru
 13915 | D:10     | Noticed a two-headed ogre
 13916 | D:10     | Noticed a two-headed ogre
 13941 | D:10     | Killed a two-headed ogre
 13942 | D:10     | Reached skill level 7 in Invocations
 13956 | D:10     | Killed a two-headed ogre
 13957 | D:10     | Reached skill level 8 in Short Blades
 13957 | D:10     | Reached skill level 8 in Dodging
 14327 | D:10     | Got a transparent scale mail
 14328 | D:10     | Identified the cursed +0 scale mail "Huesod" {+Fly Str+2
                  | Dex+3} (You found it on level 10 of the Dungeon)
 14329 | D:10     | Identified a scroll of acquirement
 14329 | D:10     | Acquired 605 gold pieces
 14493 | D:10     | Noticed a manticore
 14507 | D:10     | Killed a manticore
 14864 | D:10     | Noticed a manticore
 14874 | D:10     | Killed a manticore
 15050 | D:10     | Noticed a manticore
 15061 | D:10     | Killed a manticore
 15061 | D:10     | Reached ***** piety under Okawaru
 15178 | D:10     | Received a gift from Okawaru
 15521 | D:10     | Found a shimmering altar of Xom.
 15864 | D:10     | Noticed a two-headed ogre
 15910 | D:10     | Killed a two-headed ogre
 15910 | D:10     | Received a gift from Okawaru
 15911 | D:10     | Reached XP level 12. HP: 38/96 MP: 22/22
 16402 | D:10     | Learned a level 2 spell: Wereblood
 16406 | D:10     | Learned a level 3 spell: Confusing Touch
 16409 | D:10     | Learned a level 2 spell: Blink
 16413 | D:10     | Learned a level 3 spell: Mephitic Cloud
 16415 | D:10     | Learned a level 1 spell: Apportation
 16421 | D:10     | Learned a level 5 spell: Silence
 16566 | D:11     | Found a staircase to the Lair.
 16625 | D:11     | Noticed Erica
 16642 | D:11     | Killed Erica
 16643 | D:11     | Reached skill level 7 in Long Blades
 16643 | D:11     | Reached skill level 7 in Axes
 16643 | D:11     | Reached skill level 7 in Maces & Flails
 16643 | D:11     | Reached skill level 7 in Polearms
 16643 | D:11     | Reached skill level 7 in Staves
 16643 | D:11     | Reached skill level 7 in Slings
 16643 | D:11     | Reached skill level 7 in Bows
 16643 | D:11     | Reached skill level 7 in Crossbows
 16643 | D:11     | Reached skill level 7 in Throwing
 16643 | D:11     | Reached skill level 7 in Armour
 16643 | D:11     | Reached skill level 7 in Shields
 16643 | D:11     | Reached skill level 7 in Unarmed Combat
 16643 | D:11     | Reached skill level 7 in Spellcasting
 16643 | D:11     | Reached skill level 7 in Evocations
 16806 | D:11     | Found Sagan's Antique Armour Shoppe.
 16814 | D:11     | Bought a shiny kite shield for 172 gold pieces
 16814 | D:11     | Bought a pair of embroidered gloves for 172 gold pieces
 17661 | D:12     | Paralysed by a hornet for 1 turns
 17858 | D:12     | Noticed a six-headed hydra
 17867 | D:12     | Killed a one-headed hydra
 18066 | D:12     | Noticed a boulder beetle
 18082 | D:12     | Reached skill level 6 in Conjurations
 18082 | D:12     | Reached skill level 6 in Hexes
 18082 | D:12     | Reached skill level 6 in Summonings
 18082 | D:12     | Reached skill level 6 in Necromancy
 18082 | D:12     | Reached skill level 6 in Translocations
 18082 | D:12     | Reached skill level 6 in Transmutations
 18082 | D:12     | Reached skill level 6 in Fire Magic
 18082 | D:12     | Reached skill level 6 in Ice Magic
 18082 | D:12     | Reached skill level 6 in Air Magic
 18082 | D:12     | Reached skill level 6 in Earth Magic
 18082 | D:12     | Reached skill level 6 in Poison Magic
 18104 | D:12     | HP: 13/145 [something (6)]
 18107 | D:12     | Slain by a cyclops

Vanquished Creatures
  A centaur warrior (D:10)
  A hydra (D:12)
  Erica (D:11)
  4 two-headed ogres
  An unseen horror (D:12)
  A cyclops (D:8)
  The ghost of Raspi the Vexing, a novice MfEn (D:6)
  3 manticores (D:10)
  2 komodo dragons
  A troll (D:9)
  A merfolk (D:10)
  A hornet (D:12)
  A shadow (D:9)
  2 wyverns (D:10)
  A wraith (D:12)
  A yak (D:9)
  3 hogs
  The ghost of emiel the Bolt Thrower, an amateur DsWn (D:3)
  3 sky beasts
  10 orc warriors
  An ice beast (D:6)
  10 black bears
  An eye of draining (D:10)
  A necrophage (D:10)
  2 ogres
  6 phantoms
  4 centaurs
  A big kobold (D:10)
  6 bullfrogs
  4 gnoll sergeants (D:10)
  2 wyvern skeletons
  2 scorpions
  2 troll zombies (D:9)
  6 wights
  8 electric eels (D:10)
  4 howler monkeys
  A quasit (D:9)
  2 bullfrog zombies
  14 orc priests
  A hound (D:10)
  2 jellies (D:10)
  A centaur skeleton (D:7)
  2 gnoll shamans (D:10)
  2 iguanas
  15 orc wizards
  11 worker ants
  A killer bee zombie (D:7)
  6 ogre zombies (D:9)
  2 hound skeletons
  3 worker ant zombies (D:6)
  3 gnolls (D:4)
  12 adders
  2 white imps
  An ufetubus (D:6)
  3 oozes
  3 worms
  3 dart slugs
  6 leopard geckos
  44 orcs
  2 ball pythons (D:3)
  5 giant cockroaches
  10 goblins
  12 hobgoblins
  11 jackals
  3 kobolds
  3 quokkas
  10 bats
  6 frilled lizards
  3 hobgoblin skeletons (D:9)
  3 hobgoblin zombies (D:9)
  A leopard gecko zombie (D:6)
  4 orc skeletons (D:9)
  15 orc zombies (D:9)
  12 rats
340 creatures vanquished.

Vanquished Creatures (others)
  A sky beast (D:12)
  58 plants
  2 withered plants (D:3)
61 creatures vanquished.

Grand Total: 401 creatures vanquished

Table legend: (Time is in decaauts)
 A = Elapsed time spent in this place.
 B = Non-inter-level travel time spent in this place.
 C = Inter-level travel time spent in this place.
 D = Time resting spent in this place.
 E = Time spent auto-exploring this place.
 F = Levels seen in this place.
 G = Mean time per level.
                   A        B        C        D        E       F      G
               +--------+--------+--------+--------+--------+-----+--------+
         Total |  18266 |  17163 |   1103 |   4135 |  10263 |  13 | 1405.1 |
       Dungeon |  18245 |  17150 |   1095 |   4135 |  10259 |  12 | 1520.4 |
        Temple |     20 |     12 |      8 |      0 |      4 |   1 |   20.0 |
               +--------+--------+--------+--------+--------+-----+--------+

Top non-repeatable levels by time:
    D:10: 5131 daAuts
     D:9: 1912 daAuts
     D:8: 1806 daAuts
     D:5: 1413 daAuts
     D:3: 1256 daAuts
     D:7: 1114 daAuts
     D:4: 1099 daAuts
     D:1: 1042 daAuts
     D:6: 947 daAuts
     D:2: 907 daAuts
    D:11: 891 daAuts
    D:12: 724 daAuts
  Temple: 20 daAuts

Table legend:
 A = Non-vault XP
 B = Vault XP
 C = Vault XP percentage of total XP
 D = Non-vault monster count
 E = Vault monster count
 F = Vault count percentage of total count
                 A         B        C        D         E       F
            +---------+---------+-------+---------+---------+-------
      Total |   11021 |   12293 |  52.7 |     239 |     102 |  29.9
            +---------+---------+-------+---------+---------+-------
        D:1 |      38 |       0 |   0.0 |      25 |       0 |   0.0
        D:2 |     113 |       0 |   0.0 |      25 |       0 |   0.0
        D:3 |      67 |     189 |  73.8 |      18 |       9 |  33.3
        D:4 |     123 |       0 |   0.0 |      10 |       0 |   0.0
        D:5 |     165 |       0 |   0.0 |      22 |       0 |   0.0
        D:6 |    1248 |     558 |  30.9 |      26 |       4 |  13.3
        D:7 |     618 |     361 |  36.9 |      17 |       4 |  19.0
        D:8 |    1925 |       0 |   0.0 |      15 |       0 |   0.0
        D:9 |    1787 |    1259 |  41.3 |      31 |      39 |  55.7
       D:10 |    2879 |    7601 |  72.5 |      38 |      38 |  50.0
       D:11 |     313 |    1290 |  80.5 |       3 |       2 |  40.0
       D:12 |    1745 |    1035 |  37.2 |       9 |       6 |  40.0
            +---------+---------+-------+---------+---------+-------
